 Dungeon Sprint DCSS version 0.30-a0-360-g447f08457e (webtiles) character file.

Game seed: 6825020540565603597

2174 Pestilence the Fighter (level 9, -6/82 HPs)
             Began as a Demonspawn Gladiator on Nov 13, 2022.
             Was a Priest of Vehumet.
             Mangled by a death knight
             ... wielding a +0 great sword
              (20 damage)
             ... in the Dungeon (Sprint IX: "|||||||||||||||||||||||||||||").
             The game lasted 00:02:47 (468 turns).

Pestilence the Fighter (Demonspawn Gladiator)        Turns: 468, Time: 00:02:48

Health: -6/82      AC: 10    Str: 17    XL:     9   Next: 11%
Magic:  9/9        EV: 21    Int: 11    God:    Vehumet [***...]
Gold:   0          SH:  0    Dex: 21    Spells: 8/8 levels left

rFire   . . .      SeeInvis .    l - +2 scimitar (elec)
rCold   . . .      Faith    .    (no shield)
rNeg    . . .      Spirit   .    n - +2 ring mail
rPois   .          Reflect  .    c - +0 helmet
rElec   .          Harm     .    m - +0 cloak
rCorr   .          Rampage  .    a - +0 pair of gloves
Will    .....      NoTele   +    (no boots)
Stlth   +.........               (no amulet)
HPRegen 0.33/turn                o - +3 ring of dexterity
MPRegen 0.11/turn                p - +3 ring of dexterity

@: no status effects
A: claws 2, repulsion field 2, powered by death 1
a: Renounce Religion


You were in the Dungeon.
You worshipped Vehumet.
Vehumet was most pleased with you.
You visited 1 branch

Inventory:

Hand Weapons
 l - a +2 scimitar of electrocution (weapon)
Armour
 a - a +0 pair of gloves (worn)
 c - a +0 helmet (worn)
 m - a +0 cloak (worn)
 n - a +2 ring mail (worn)
Jewellery
 o - a +3 ring of dexterity (left hand)
 p - a +3 ring of dexterity (right hand)
Scrolls
 e - 2 scrolls of amnesia
 k - a scroll of blinking
Potions
 f - 5 potions of curing
 h - a potion of haste
 i - 4 potions of magic


   Skills:
 + Level 12.1 Fighting
 + Level 11.4 Long Blades
 - Level 1.7 Throwing
 + Level 11.4 Dodging


You had 8 spell levels left.
You didn't know any spells.
Your spell library was empty.

Dungeon Overview and Level Annotations

Branches:
Dungeon (1/1)

Altars:
Cheibriados
Dithmenos
Fedhas
Gozag
Hepliaklqana
Kikubaaqudgha
Makhleb
Nemelex Xobeh
Okawaru
Qazlal
Ru
Sif Muna
Trog
Uskayaw
Vehumet
Wu Jian
Xom
Yredelemnul
Jiyva
Lugonu


Innate Abilities, Weirdness & Mutations

You have very sharp fingernails.
You are surrounded by a moderate repulsion field. (EV +3)
You regenerate a little health from kills.


Message History

There is a shimmering blue altar of Sif Muna here.
There is a sacrificial altar of Ru here.
There is a stormy altar of Qazlal here.
There is an iron altar of Okawaru here.
There is a sparkling altar of Nemelex Xobeh here.
There is a burning altar of Makhleb here.
There is a corrupted altar of Lugonu here.
There is an ancient bone altar of Kikubaaqudgha here.
There is a viscous altar of Jiyva here.
There is a hazy altar of Hepliaklqana here.
The death knight mumbles some strange prayers to Yredelemnul against something.
Your body is wracked with pain!
* * * LOW HITPOINT WARNING * * *
There is an opulent altar of Gozag here.
The death knight invokes the aid of Yredelemnul against something.
Your body is wracked with pain!
* * * LOW HITPOINT WARNING * * *
There is a blossoming altar of Fedhas here.
There is a white marble altar of Elyvilon here.
There is a shadowy altar of Dithmenos here.
There is a snail-covered altar of Cheibriados here.
There is a roughly hewn altar of Beogh here.
There is an open door to the Temple here.
You flicker for a moment.
You close the door.
A death knight breaks down the door.
You flicker back into view.
There is an open door, spattered with blood here.
Items here: )) [ ÷÷÷.
You close the door, pushing everything out of the way.
Things that are here:
a gnoll skeleton; an iguana skeleton; an orc skeleton A death knight opens the door.
There is an open door to the Dungeon here.
You close the door.
A death knight opens the door.
You slash the death knight!
The death knight is lightly wounded.
The death knight hits you with a +0 great sword!!
You die...

▓▓▓
▓<▓
▓.▓
▓.▓
▓@▓
▓p▓
▓.▓
▓.▓
▓.▓
▓.▓
▓÷▓
▓'▓
▓[▓


You could see a death knight.

Vanquished Creatures
  A tengu warrior (D)
  An ugly thing (D)
  A rime drake (shapeshifter) (D)
  A troll (D)
  A shadow (D)
  A wraith (D)
  An orc warrior (D)
  A phantom (D)
  A kobold brigand (D)
  A gnoll sergeant (D)
  A killer bee (D)
  A gnoll bouda (D)
  2 iguanas (D)
  An orc (D)
  An endoplasm (D)
  3 hobgoblins (D)
  A rat (D)
20 creatures vanquished.

Notes
Turn   | Place    | Note
-------+----------+-------------------------------------------
     0 | D        | Pestilence the Demonspawn Gladiator began the quest for the
                  | Orb.
     0 | D        | Reached XP level 1. HP: 16/16 MP: 1/1
   120 | D        | Noticed a gnoll bouda
   120 | D        | Noticed an iguana
   120 | D        | Noticed an iguana
   120 | D        | Noticed a phantom
   125 | D        | Killed a gnoll bouda
   126 | D        | Reached skill level 4 in Fighting
   126 | D        | Gained mutation: You are surrounded by a mild repulsion
                  | field. (EV +2) [demonic ancestry]
   126 | D        | Reached XP level 2. HP: 25/25 MP: 2/2
   126 | D        | Gained mutation: You regenerate a little health from kills.
                  | [demonic ancestry]
   126 | D        | Reached XP level 3. HP: 30/30 MP: 3/3
   132 | D        | Reached skill level 5 in Fighting
   132 | D        | Reached skill level 5 in Long Blades
   132 | D        | Reached skill level 5 in Dodging
   132 | D        | Reached XP level 4. HP: 39/39 MP: 4/4
   136 | D        | Killed a phantom
   137 | D        | Reached skill level 6 in Fighting
   137 | D        | Reached XP level 5. HP: 46/46 MP: 5/5
   175 | D        | Found a snail-covered altar of Cheibriados.
   175 | D        | Found a shadowy altar of Dithmenos.
   175 | D        | Found a blossoming altar of Fedhas.
   175 | D        | Found an opulent altar of Gozag.
   176 | D        | Found a hazy altar of Hepliaklqana.
   177 | D        | Found a viscous altar of Jiyva.
   178 | D        | Found an ancient bone altar of Kikubaaqudgha.
   179 | D        | Found a corrupted altar of Lugonu.
   180 | D        | Found a burning altar of Makhleb.
   181 | D        | Found a sparkling altar of Nemelex Xobeh.
   182 | D        | Found an iron altar of Okawaru.
   183 | D        | Found a stormy altar of Qazlal.
   184 | D        | Found a sacrificial altar of Ru.
   185 | D        | Found a shimmering blue altar of Sif Muna.
   186 | D        | Found a bloodstained altar of Trog.
   187 | D        | Found a hide-covered altar of Uskayaw.
   190 | D        | Found a radiant altar of Vehumet.
   191 | D        | Found an ornate altar of the Wu Jian Council.
   192 | D        | Found a shimmering altar of Xom.
   193 | D        | Found a basalt altar of Yredelemnul.
   198 | D        | Became a worshipper of Vehumet
   272 | D        | Noticed a troll
   272 | D        | Noticed a wraith
   272 | D        | Noticed an orc warrior
   272 | D        | Noticed a shadow
   274 | D        | Killed a troll
   274 | D        | Killed an orc warrior
   274 | D        | Reached * piety under Vehumet
   274 | D        | Offered knowledge of Magic Dart by Vehumet.
   275 | D        | Reached skill level 9 in Fighting
   275 | D        | Gained mutation: You have sharp fingernails. [demonic
                  | ancestry]
   275 | D        | Reached XP level 6. HP: 44/58 MP: 6/6
   275 | D        | Reached XP level 7. HP: 49/64 MP: 7/7
   275 | D        | Killed a wraith
   275 | D        | Killed a shadow
   275 | D        | Reached ** piety under Vehumet
   276 | D        | Reached skill level 10 in Fighting
   383 | D        | Noticed a rime drake
   383 | D        | Noticed a tengu warrior
   383 | D        | Noticed a red ugly thing
   383 | D        | Noticed a boulder beetle
   383 | D        | Noticed a death knight
   388 | D        | Killed a rime drake
   389 | D        | Reached skill level 10 in Long Blades
   389 | D        | Reached skill level 10 in Dodging
   389 | D        | Gained mutation: You have very sharp fingernails. [demonic
                  | ancestry]
   389 | D        | Reached XP level 8. HP: 62/74 MP: 8/8
   402 | D        | Killed a tengu warrior
   403 | D        | Reached skill level 11 in Fighting
   403 | D        | HP: 3/76 [red ugly thing (19)]
   427 | D        | Killed a red ugly thing
   427 | D        | Reached *** piety under Vehumet
   428 | D        | Reached skill level 12 in Fighting
   428 | D        | Gained mutation: You are surrounded by a moderate repulsion
                  | field. (EV +3) [demonic ancestry]
   428 | D        | Reached XP level 9. HP: 12/82 MP: 9/9
   468 | D        | Mangled by a death knight

Illustrated notes

Levels and vault maps discovered:
D:        linesprint [early_d, line_temple, items_1, d_10, items_2, lair_1,
          lair_end, items_3, orc_1, orc_end, items_4, d_15, swamp_1, shoals_1,
          snake_1, spider_1, d_20, vaults_1, items_5, swamp_end, shoals_end,
          snake_end, spider_end, vaults_end, d_27, items_6, zot_1, zot_end,
          crypt_end, forest_end, elf_end, slime_end, tomb_end, abyss_end,
          pan_hell_end]

Skill      XL: |  1  2  3  4  5  6  7  8 |
---------------+-------------------------+-----
Long Blades    | 4 5 6 8 10 11 | 11.4
Dodging        | 4 5 6 8 10 11 | 11.4
Fighting       | 4 5 6 9 10 12 | 12.1
Throwing       | |  1.7

Action                   |  1- 3 |  4- 6 |  7- 9 || total
-------------------------+-------+-------+-------++-------
Melee: Long sword        |    18 |     6 |       ||    24
       Scimitar          |       |       |    11 ||    11
Evoke: Wand              |       |     2 |     8 ||    10
  Use: Potion            |     1 |       |     4 ||     5
       Scroll            |       |       |     1 ||     1
Armor: Leather armour    |     1 |       |       ||     1
       Ring mail         |       |       |    10 ||    10
Dodge: Dodged            |     7 |     4 |    16 ||    27

Table legend: (Time is in decaauts)
 A = Elapsed time spent in this place.
 B = Non-inter-level travel time spent in this place.
 C = Inter-level travel time spent in this place.
 D = Time resting spent in this place.
 E = Time spent auto-exploring this place.
 F = Levels seen in this place.
 G = Mean time per level.
                   A        B        C        D        E       F      G
               +--------+--------+--------+--------+--------+-----+--------+
         Total |    477 |    477 |      0 |    242 |      0 |   1 |  477.0 |
       Dungeon |    477 |    477 |      0 |    242 |      0 |   1 |  477.0 |
               +--------+--------+--------+--------+--------+-----+--------+

Top non-repeatable levels by time:
       D: 477 daAuts
